 Dungeon Crawl Stone Soup version 0.21.1-1-g345015f (webtiles) character file.

0 Yawgmoth the Sneak (level 1, 0/15 HPs)
             Began as a Naga Wizard on Feb 11, 2018.
             Slain by a hobgoblin (2 damage)
             ... on level 1 of the Dungeon.
             The game lasted 00:00:29 (16 turns).

Yawgmoth the Sneak (Naga Wizard)                      Turns: 16, Time: 00:00:29

Health: 0/15       AC:  1    Str:  9    XL:     1   Next: 10%
Magic:  4/4        EV: 10    Int: 18    God:
Gold:   0          SH:  0    Dex:  9    Spells: 5/6 levels left

rFire    . . .     SeeInvis +   (no weapon)
rCold    . . .     Gourm    .   (no shield)
rNeg     . . .     Faith    .   a - +0 robe
rPois    +         Spirit   .   b - +0 hat
rElec    .         Reflect  .   (no cloak)
rCorr    .         Harm     .   (no gloves)
MR       .....                  (no barding)
Stlth    ++........             (no amulet)
HPRegen  0.05/turn              (no ring)
MPRegen  0.09/turn              (no ring)

@: short of breath, very slow
A: large, see invisible, deformed body, poison resistance, slowness 2, slow
metabolism 1, spit poison 1, AC +0
a: Spit Poison


You were on level 1 of the Dungeon.
You were not hungry.

You visited 1 branch of the dungeon, and saw 1 of its levels.

Inventory:

Armour
 a - a +0 robe (worn)
 b - a +0 hat (worn)
Books
 c - a book of Minor Magic
Comestibles
 d - a ration


   Skills:
 + Level 1.5 Dodging
 + Level 3.0 Stealth
 + Level 3.0 Spellcasting
 + Level 1.0 Conjurations
   Level 1.0 Summonings
   Level 1.0 Translocations


You had 5 spell levels left.
You knew the following spells:

 Your Spells              Type           Power        Failure   Level  Hunger
a - Magic Dart            Conj           #...         11%         1    None


Dungeon Overview and Level Annotations

Branches:
Dungeon (1/15)

Altars:


Innate Abilities, Weirdness & Mutations

You cannot wear boots.
Your serpentine skin is tough. (AC +0)
You have supernaturally acute eyesight. (SInv)
Armour fits poorly on your strangely shaped body.
Your system is resistant to poisons. (rPois)
You cover ground very slowly.
You have a slow metabolism.
You can spit poison.


Message History

Welcome, Yawgmoth the Naga Wizard.
It is said that the Orb of Zot exists deep within this dungeon.
Found a scroll labeled UGECVO NAAPARU.
Found a staircase leading out of the dungeon.
A frilled lizard comes into view.
A rat and a hobgoblin come into view.
The frilled lizard hisses angrily.
The frilled lizard unfolds its giant frill.
The rat twitches its whiskers.
A hobgoblin comes into view.
Aim: a frilled lizard The splash of poison misses the frilled lizard.
You feel slightly more hungry.
You have got your breath back.
The frilled lizard bites you. x2
You take 5 damage, and have 10/15 hp.
MASSIVE DAMAGE!!
The hobgoblin shouts!
You hit the frilled lizard.
You kill the frilled lizard!
The rat bites you.
You take 2 damage, and have 8/15 hp.
You are too injured to fight recklessly!
Unknown command.
You are too injured to fight recklessly!
You hit the rat. The rat bites you but does no damage.
A rat comes into view.
You hit the rat but do no damage. The rat bites you. The hobgoblin hits you.
You take 3 damage, and have 5/15 hp.
You hit the hobgoblin. The rat barely misses you. The hobgoblin misses you.
You closely miss the hobgoblin. The rat barely misses you.
The hobgoblin closely misses you.
A rat comes into view.
You closely miss the hobgoblin. The rat bites you but does no damage.
The hobgoblin barely misses you.
Aim: a hobgoblin (heavily wounded)
The splash of poison misses the hobgoblin.
You feel slightly more hungry. The rat barely misses you.
The hobgoblin barely misses you.
You hit the hobgoblin. The rat bites you.
* * * LOW HITPOINT WARNING * * *
The hobgoblin barely misses you.
You take 2 damage, and have 3/15 hp.
You closely miss the rat.
The rat twitches its whiskers.
The rat bites you.
* * * LOW HITPOINT WARNING * * *
The hobgoblin hits you but does no damage.
You take 1 damage, and have 2/15 hp.
You barely miss the rat. The rat closely misses you. The hobgoblin hits you.
You die...

#..#.....#....
#..#.....#....
#..#.....#.....
#.?#.....#.....
#..#..<..#.....
#.#.....#.....
#.#.....#.....
#.#.....#.....
#.#...@g#....
#.....rr...#
##.........#
######...##
...# ...# ...#
###.


You could see a hobgoblin and 2 rats.

Vanquished Creatures
  A frilled lizard (D:1)
1 creature vanquished.

Notes
Turn   | Place    | Note
-------+----------+-------------------------------------------
     0 | D:1      | Yawgmoth the Naga Wizard began the quest for the Orb.
     0 | D:1      | Reached XP level 1. HP: 15/15 MP: 4/4
    14 | D:1      | HP: 3/15 [rat (2)]
    16 | D:1      | Slain by a hobgoblin

Action                   || total
-------------------------++-------
Melee: Unarmed           ||     9
 Abil: Spit Poison       ||     2
Armor: Robe              ||     3
Dodge: Dodged            ||     9

Vault maps used:
D:1:      minmay_arrival_semitransparent

Table legend:
 A = Turns spent in this place as a percentage of turns spent in the entire game.
 B = Non-inter-level travel turns spent in this place as a percentage of non-inter-level travel turns spent in the entire game.
 C = Inter-level travel turns spent in this place as a percentage of turns spent in this place.
 D = Turns resting spent in this place as a percentage of non-inter-level travel turns spent in this place.
 E = Turns spent auto-exploring this place as a percentage of non-inter-level travel turns spent in this place.
 F = Non-inter-level travel turns spent in this place divided by the number of levels of this place that you've seen.
                   A       B       C       D       E      F
               +-------+-------+-------+-------+-------+----------------------
         Total | 100.0 | 100.0 |   0.0 |   0.0 |   0.0 |  16.0
       Dungeon | 100.0 | 100.0 |   0.0 |   0.0 |   0.0 |  16.0
               +-------+-------+-------+-------+-------+----------------------

Table legend:
 A = Kills in this place as a percentage of kills in entire the game.
 B = Kills by you in this place as a percentage of kills by you in the entire game.
 C = Kills by friends in this place as a percentage of kills by friends in the entire game.
 D = Other kills in this place as a percentage of other kills in the entire game.
 E = Experience gained in this place as a percentage of experience gained in the entire game.
 F = Experience gained in this place divided by the number of levels of this place that you have seen.
                   A       B       C       D       E      F
               +-------+-------+-------+-------+-------+----------------------
         Total | 100.0 | 100.0 |   N/A |   N/A | 100.0 |   1.0
       Dungeon | 100.0 | 100.0 |   N/A |   N/A | 100.0 |   1.0
               +-------+-------+-------+-------+-------+----------------------
